 Dungeon Crawl Stone Soup version 0.31-a0-8-gd14b0f4ee2 (webtiles) character file.

Game seed: 15006442491807868760

2741 jasper the Thaumaturge (level 9, -9/66 HPs)
             Began as a Mummy Fire Elementalist on May 5, 2023.
             Was a Follower of Kikubaaqudgha.
             Mangled by Gastronok (20 damage)
             ... on level 8 of the Dungeon on May 6, 2023.
             The game lasted 00:14:44 (8170 turns).

jasper the Thaumaturge (Mummy Fire Elementalist)    Turns: 8170, Time: 00:14:45

Health: -9/66      AC: 13    Str: 19    XL:     9   Next: 40%
Magic:  3/21       EV: 13    Int: 18    God:    Kikubaaqudgha [*.....]
Gold:   1558       SH:  0    Dex: 12    Spells: 13/24 levels left

rFire   + . .        p - +11 rapier of Efior {flame, rElec rCorr SInv}
rCold   . . .        (no shield)
rNeg    + + +        r - +3 leather armour
rPois   ∞            (no helmet)
rElec   +            (no cloak)
rCorr   +            q - +5 pair of gloves of Defiance {rCorr Str+7 Slay+5 Stlth-}
SInv    +            B - +0 pair of boots
Will    ++++.        z - amulet of the acrobat Stlth
                     j - ring of resist corrosion
HPRegen 0.31/turn    v - ring "Neumafea" {rElec rF++ rC- Will+++ SInv}
MPRegen 0.17/turn

%: acrobat, faith
@: studying Shields
A: cold resistance 1, negative energy resistance 3, torment resistance 2, heat
vulnerability 1, in touch with death 1, no potions, faith
a: Renounce Religion, Unearth Wretches


You were on level 8 of the Dungeon.
You worshipped Kikubaaqudgha.
Kikubaaqudgha was aware of your devotion.
You visited 2 branches of the dungeon, and saw 9 of its levels.

You collected 1558 gold pieces.

Inventory:

Hand Weapons
 c - a +0 dagger
 e - a +0 short sword
 p - the +11 rapier of Efior (weapon) {flame, rElec rCorr SInv}
   (You acquired it on level 4 of the Dungeon)

   rElec:     It insulates you from electricity.
   SInv:      It lets you see invisible.
   rCorr:     It protects you from acid and corrosion.
Missiles
 f - 8 poisoned darts
 h - a throwing net
 t - a curare-tipped dart
Armour
 a - a +0 robe
 d - a +0 pair of gloves
 n - the +3 ring mail of Indecent Exposure {rElec Int+3}
   (You found it on level 3 of the Dungeon)

   Int:       It affects your intelligence (+3).
   rElec:     It insulates you from electricity.
 q - the +5 pair of gloves of Defiance (worn) {rCorr Str+7 Slay+5 Stlth-}
   (You found it on level 4 of the Dungeon)

   Str:       It affects your strength (+7).
   Slay:      It affects your accuracy & damage with ranged weapons and melee
   (+5).
   rCorr:     It protects you from acid and corrosion.
   Stlth:     It makes you less stealthy.
 r - a +3 leather armour (worn)
 B - a +0 pair of boots (worn)
Magical Staves
 m - a staff of conjuration
Jewellery
 j - a ring of resist corrosion (left hand)
 v - the ring "Neumafea" (right hand) {rElec rF++ rC- Will+++ SInv}
   (You found it on level 5 of the Dungeon)

   [ring of see invisible]

   rF:        It greatly protects you from fire.
   rC:        It makes you vulnerable to cold.
   rElec:     It insulates you from electricity.
   SInv:      It lets you see invisible.
   Will:      It greatly increases your willpower.
 w - a ring of flight
 x - a ring of fire
 z - an amulet of the acrobat (around neck)
Wands
 u - a wand of paralysis (26)
 y - a wand of digging (5)
 D - a wand of mindburst (13)
Scrolls
 b - a scroll of identify
 g - a scroll of summoning
 i - 6 scrolls of magic mapping
 k - a scroll of teleportation
 l - a scroll of silence
 o - a scroll of vulnerability
 s - a scroll of fog
 A - 3 scrolls of amnesia
 C - a scroll of fear
 E - a scroll of noise


   Skills:
 + Level 4.6 Fighting
 + Level 4.2 Dodging
 - Level 1.5 Stealth
 - Level 8.0 Spellcasting
 - Level 5.0 Conjurations
 * Level 4.0 Necromancy
 - Level 2.6 Fire Magic
 - Level 4.0 Earth Magic


You had 13 spell levels left.
You knew the following spells:

 Your Spells              Type           Power      Damage    Failure   Level
a - Foxfire               Conj/Fire      80%        2x1d8     2%          1
b - Stone Arrow           Conj/Erth      46%        3d9       5%          3
c - Scorch                Fire           32%        2d6       6%          2
d - Passwall              Tmut/Erth      11%        N/A       8%          2
e - Vampiric Draining     Necr           32%        2d8       7%          3

Your spell library contained the following spells:

 Spells                   Type           Power      Damage    Failure   Level
 Kiss of Death            Conj/Necr      100%       2d13      1%          1
 Necrotise                Necr           100%       1d9       2%          1
 Sandblast                Erth           42%        2d11      2%          1
 Inner Flame              Hex/Fire       11%        N/A       21%         3
 Volatile Blastmotes      Fire/Tloc      22%        2d11      21%         3
 Animate Dead             Necr           32%        N/A       22%         4
 Flame Wave               Conj/Fire      20%        2d7       24%         4
 Frozen Ramparts          Ice            14%        1d3       34%         3
 Summon Ice Beast         Ice/Summ       7%         N/A       75%         4
 Ice Form                 Ice/Tmut       Unusable   N/A       N/A         4

Dungeon Overview and Level Annotations

Branches:
Dungeon (8/15)             Temple (1/1) D:5
   Lair: D:8-11

Altars:
Fedhas
Hepliaklqana
Kikubaaqudgha

Shops:
D:1 !

Annotations:
D:5 4 runed translucent doors
D:6 1 transporter, PailKail's ghost, novice DrBe
D:8 Gastronok


Innate Abilities, Weirdness & Mutations

You are immune to poison.
Your flesh is cold resistant. (rC+)
You are immune to negative energy. (rN+++)
You are immune to unholy pain and torment.
You are vulnerable to heat. (rF-)
You are in touch with the powers of death.
You do not drink.
You have a special connection with the divine. (Faith)


Message History

Confirm with . or Enter, or press ? or * to list all spells.
Aiming: Vampiric Draining (dangerous; 7% risk of failure)
Press: ? - help, Shift-Dir - straight line, f - Gastronok
Aim: Gastronok, wearing a +2 hat of stealth (heavily wounded, more vulnerable to fire)
You feel a surge of power!
You draw life force from Gastronok!
You feel life coursing into your body. Gastronok bites you!!
* * * LOW HITPOINT WARNING * * *
You take 15 damage, and have 7/66 hp.
MASSIVE DAMAGE!!
You now have 11/21 mp.
Casting: Vampiric Draining (dangerous; 7% risk of failure)
Confirm with . or Enter, or press ? or * to list all spells.
Aiming: Vampiric Draining (dangerous; 7% risk of failure)
Press: ? - help, Shift-Dir - straight line, f/p - Gastronok
Aim: Gastronok, wearing a +2 hat of stealth (severely wounded, more vulnerable to fire)
You feel a surge of power!
You draw life force from Gastronok.
You feel life coursing into your body.
You regained 3 hp, and now have 10/66 hp.
You now have 8/21 mp.
Casting: Vampiric Draining (dangerous; 7% risk of failure)
Confirm with . or Enter, or press ? or * to list all spells.
Aiming: Vampiric Draining (dangerous; 7% risk of failure)
Press: ? - help, Shift-Dir - straight line, f/p - Gastronok
Aim: Gastronok, wearing a +2 hat of stealth (severely wounded, more vulnerable to fire)
You feel a surge of power!
You draw life force from Gastronok!
You feel life coursing into your body. Gastronok bites you.
* * * LOW HITPOINT WARNING * * *
You take 2 damage, and have 8/66 hp.
You now have 6/21 mp.
Casting: Vampiric Draining (dangerous; 7% risk of failure)
Confirm with . or Enter, or press ? or * to list all spells.
Aiming: Vampiric Draining (dangerous; 7% risk of failure)
Press: ? - help, Shift-Dir - straight line, f/p - Gastronok
Aim: Gastronok, wearing a +2 hat of stealth (severely wounded, more vulnerable to fire)
You feel a surge of power!
You draw life force from Gastronok.
You feel life coursing into your body.
You regained 2 hp, and now have 10/66 hp.
You now have 3/21 mp.
You impale Gastronok!! You burn Gastronok.
Gastronok is almost dead.
Gastronok bites you!!
You die...
Kikubaaqudgha rasps: "You have failed me!
Welcome... oblivion!"

# #.#
#......##
####.#
#.[.....###.#
.....#
#...........#
######
#.......###.#
..........#
#####...##.#
######.##
#####
#..#oo....
##@wco.#
#######


You could see Gastronok (combustible), a centaur and 3 orcs.

Vanquished Creatures
  A gargoyle (D:5)
  A wyvern (D:7)
  2 steam dragons
  Duvessa (D:7)
  2 black bears
  3 ice beasts
  An ogre (D:5)
  A centaur (D:7)
  2 phantoms
  A kobold brigand (D:5)
  A gnoll sergeant (D:7)
  3 scorpions
  Dowan (D:7)
  3 howler monkeys (D:7)
  4 hounds
  3 orc priests (D:6)
  A sleepcap (D:5)
  A jelly (D:5)
  4 orc wizards
  4 iguanas
  Terence (D:3)
  3 adders
  9 gnolls
  A shadow imp (D:6)
  A white imp (D:7)
  2 ufetubi
  2 worms
  A dart slug (D:1)
  22 orcs
  4 endoplasms
  3 giant cockroaches
  5 goblins
  9 hobgoblins
  3 jackals (D:5)
  5 kobolds
  3 quokkas
  11 ball pythons
  9 bats
  3 frilled lizards
  7 rats
144 creatures vanquished.

Vanquished Creatures (others)
  159 foxfires
159 creatures vanquished.

Grand Total: 303 creatures vanquished

Notes
Turn   | Place    | Note
-------+----------+-------------------------------------------
     0 | D:1      | jasper the Mummy Fire Elementalist began the quest for the
                  | Orb.
     0 | D:1      | Reached XP level 1. HP: 13/13 MP: 4/4
   184 | D:1      | Reached skill level 1 in Conjurations
   188 | D:1      | Reached skill level 3 in Spellcasting
   246 | D:1      | Reached XP level 2. HP: 19/19 MP: 4/6
   795 | D:1      | Gained mutation: You are in touch with the powers of death.
                  | [Mummy growth]
   795 | D:1      | Reached XP level 3. HP: 24/24 MP: 6/8
   799 | D:1      | Learned a level 3 spell: Stone Arrow
   893 | D:1      | Found Eraa's Distillery.
  1071 | D:1      | Found a blossoming altar of Fedhas.
  1768 | D:2      | Learned a level 2 spell: Scorch
  1853 | D:2      | Upgraded the game from 0.31-a0-7-g51783674b7 to
                  | 0.31-a0-8-gd14b0f4ee2
  1881 | D:3      | Reached skill level 4 in Spellcasting
  2340 | D:3      | Reached skill level 1 in Earth Magic
  2340 | D:3      | Reached XP level 4. HP: 25/30 MP: 0/10
  2507 | D:3      | Identified the +3 ring mail of Indecent Exposure {rElec
                  | Int+3}
  2574 | D:3      | Noticed Terence
  2577 | D:3      | Killed Terence
  2875 | D:3      | Noticed a phantom
  2885 | D:3      | Killed a phantom
  2886 | D:3      | Reached XP level 5. HP: 35/35 MP: 2/11
  3032 | D:3      | Identified a scroll of acquirement
  3034 | D:3      | Acquired 1254 gold pieces
  3069 | D:4      | Learned a level 2 spell: Passwall
  3315 | D:4      | Acquired the +11 rapier of Efior {flame, rElec rCorr SInv}
  3388 | D:4      | Identified the +5 pair of gloves of Defiance {rCorr Str+7
                  | Slay+5 Stlth-}
  3467 | D:4      | Reached XP level 6. HP: 41/41 MP: 4/12
  3915 | D:5      | Entered Level 5 of the Dungeon
  3994 | D:5      | Noticed an ice beast
  4005 | D:5      | Killed an ice beast
  4213 | D:5      | Noticed an ice beast
  4216 | D:5      | Killed an ice beast
  4240 | D:5      | Reached XP level 7. HP: 46/46 MP: 10/13
  4526 | D:5      | Found a staircase to the Ecumenical Temple.
  4535 | Temple   | Entered the Ecumenical Temple
  4570 | Temple   | Became a worshipper of Kikubaaqudgha
  4681 | D:5      | Found a large runed translucent door.
  4681 | D:5      | Found a large runed translucent door.
  4693 | D:5      | Reached skill level 5 in Conjurations
  4701 | D:5      | Reached skill level 1 in Fighting
  4810 | D:5      | Identified the ring "Neumafea" {rElec rF++ rC- Will+++
                  | SInv}
  4829 | D:5      | Noticed a kobold demonologist
  4835 | D:5      | Found a large runed translucent door.
  4835 | D:5      | Found a large runed translucent door.
  4888 | D:5      | Noticed a gargoyle
  4897 | D:5      | Reached skill level 5 in Spellcasting
  4900 | D:5      | Killed a gargoyle
  4901 | D:5      | Reached skill level 6 in Spellcasting
  4901 | D:5      | Reached XP level 8. HP: 53/57 MP: 1/17
  5846 | D:6      | Noticed PailKail's ghost (novice DrBe)
  5847 | D:6      | Found a transporter.
  5850 | D:6      | Noticed a queen bee
  5900 | D:6      | Reached skill level 7 in Spellcasting
  6452 | D:7      | Reached * piety under Kikubaaqudgha
  6452 | D:7      | Received a gift from Kikubaaqudgha
  6457 | D:7      | Learned a level 3 spell: Vampiric Draining
  6504 | D:7      | Noticed Duvessa
  6504 | D:7      | Noticed Dowan
  6520 | D:7      | Killed Duvessa
  6526 | D:7      | Killed Dowan
  6527 | D:7      | Reached skill level 1 in Necromancy
  6676 | D:7      | Reached XP level 9. HP: 48/65 MP: 2/20
  6795 | D:7      | Reached skill level 8 in Spellcasting
  7730 | D:7      | Identified the +0 plate armour of Asaotug {rElec Dex+2}
  8157 | D:8      | Noticed Gastronok
  8170 | D:8      | Mangled by Gastronok

Illustrated notes

Levels and vault maps discovered:
D:1:      dpeg_arrival_water_altar, layout_loops_cross, serial_shops,
          nicolae_diamond_shop
D:2:      layout_loops_ring
D:3:      layout_basic, kennysheep_potato, uniq_terence
D:4:      layout_cave_pools, kennysheep_another_room, minmay_misc_feat_plants,
          bh_walls_and_bars
D:5:      layout_basic, minmay_temple_entry_mini_moons,
          minmay_hollow_rounded_squares
D:6:      layout_basic, gammafunk_ghost_hive
D:7:      layout_basic, lightli_ossuary_entry_decrepit_ruins, uniq_duvessa
D:8:      layout_loops_ring, mainiacjoe_overflow_cross_hatched,
          nicolae_shop_i_like_big_books, uniq_gastronok
Temple:   mainiacjoe_temple_cubbyholes

Skill      XL: |  1  2  3  4  5  6  7  8  9 |
---------------+----------------------------+-----
Conjurations   | 1 2 3 4 5 |  5.0
Spellcasting   | 3 4 6 7 8 |  8.0
Earth Magic    | 1 2 3 4 |  4.0
Fighting       | 2 3 4 |  4.6
Dodging        | 2 3 4 |  4.2
Necromancy     | 1 4 |  4.0
Stealth        | |  1.5
Fire Magic     | |  2.6

Action                     |  1- 3 |  4- 6 |  7- 9 || total
---------------------------+-------+-------+-------++-------
  Melee: Short sword       |     7 |       |       ||     7
         Dagger            |     1 |       |       ||     1
         Rapier            |       |    14 |    98 ||   112
         Staff             |       |     2 |       ||     2
         Punch             |       |       |     2 ||     2
   Cast: Foxfire           |    68 |    31 |       ||    99
         Scorch            |    10 |    30 |   103 ||   143
         Vampiric Draining |       |       |     4 ||     4
  Evoke: Wand              |       |       |     1 ||     1
    Use: Scroll            |       |     8 |     4 ||    12
   Stab: Paralysed         |       |       |     3 ||     3
 Armour: Robe              |     1 |     4 |       ||     5
         Leather armour    |       |     4 |    62 ||    66
  Dodge: Dodged            |    13 |    10 |    78 ||   101

Table legend: (Time is in decaauts)
 A = Elapsed time spent in this place.
 B = Non-inter-level travel time spent in this place.
 C = Inter-level travel time spent in this place.
 D = Time resting spent in this place.
 E = Time spent auto-exploring this place.
 F = Levels seen in this place.
 G = Mean time per level.
                   A        B        C        D        E       F      G
               +--------+--------+--------+--------+--------+-----+--------+
         Total |   8190 |   7895 |    295 |    574 |   6250 |   9 |  910.0 |
       Dungeon |   8136 |   7858 |    278 |    574 |   6224 |   8 | 1017.0 |
        Temple |     53 |     36 |     17 |      0 |     26 |   1 |   53.0 |
               +--------+--------+--------+--------+--------+-----+--------+

Top non-repeatable levels by time:
     D:7: 1538 daAuts
     D:5: 1416 daAuts
     D:1: 1147 daAuts
     D:3: 1134 daAuts
     D:6: 1056 daAuts
     D:4: 854 daAuts
     D:2: 779 daAuts
     D:8: 209 daAuts
  Temple: 53 daAuts
